 Dungeon Crawl Stone Soup version 0.28.0-47-ge53b351184 (webtiles) character file.

Game seed: 12408415724610233582

358 safid the Cleaver (level 6, -1/52 HPs)
             Began as a Hill Orc Fighter on May 4, 2022.
             Slain by an adder (3 damage)
             ... on level 3 of the Dungeon.
             The game lasted 00:04:54 (3104 turns).

safid the Cleaver (Hill Orc Fighter)                Turns: 3104, Time: 00:04:55

Health: -1/52      AC:  7    Str: 21    XL:     6   Next: 64%
Magic:  0/6        EV:  9    Int:  8    God:
Gold:   132        SH:  4    Dex: 10    Spells: 5/5 levels left

rFire   . . .      SeeInvis .   a - +0 war axe
rCold   . . .      Faith    .   c - +0 buckler
rNeg    . . .      Spirit   +   b - +0 scale mail
rPois   .          Reflect  .   (no helmet)
rElec   .          Harm     .   (no cloak)
rCorr   .          Rampage  .   (no gloves)
Will    .....                   (no boots)
Stlth   ..........              i - amulet of guardian spirit
HPRegen 0.17/turn               (no ring)
MPRegen 0.10/turn               (no ring)

@: brilliant, weak-willed, attractive
A: no striking features
a: no special abilities


You were on level 3 of the Dungeon.
You visited 1 branch of the dungeon, and saw 5 of its levels.

You collected 132 gold pieces.

Inventory:

Hand Weapons
 a - a +0 war axe (weapon)
Armour
 b - a +0 scale mail (worn)
 c - a +0 buckler (worn)
Jewellery
 i - an amulet of guardian spirit (around neck)
 q - a ring of willpower
Scrolls
 d - a scroll of teleportation {unknown}
 l - a scroll of noise {unknown}
 m - 2 scrolls of identify
 o - 2 scrolls of enchant armour
Potions
 e - a potion of brilliance
 n - a potion of haste {unknown}
 p - a potion of degeneration {unknown}


   Skills:
 - Level 4.0 Fighting
 + Level 8.0 Axes
 - Level 4.0 Armour
 - Level 4.0 Shields


You had 5 spell levels left.
You didn't know any spells.
Your spell library was empty.

Dungeon Overview and Level Annotations

Branches:
Dungeon (5/15)
 Temple: D:4-7

Altars:
Wu Jian


Message History

As you read the scroll labelled TOSAOP ATECW, it crumbles to dust.
It was a scroll of blinking.
* * * LOW HITPOINT WARNING * * *
You feel very sick.
You feel sick.
You feel sick. The scorpion barely misses you.
You feel sick.
You feel sick.
A quokka comes into view.
You feel sick.
You feel sick.
A goblin comes into view. It is wielding a +0 club.
You feel sick.
The goblin shouts!
The quokka barely misses you.
The scorpion stings you but does no damage.
You feel sick.
You are no longer poisoned.
Found a stone staircase leading up.
The quokka barely misses you.
An adder comes into view.
The adder hisses angrily.
The adder bites you but does no damage.
There is a stone staircase leading up here.
The quokka barely misses you. The adder barely misses you.
You climb upwards.
There is a stone staircase leading down here.
It was a potion of brilliance.
You feel clever all of a sudden.
The quokka bites you but does no damage.
The adder barely misses you.
Okay, then.
It was a potion of attraction.
You feel attractive to monsters. The adder bites you but does no damage.
The quokka bites you but does no damage.
The adder bites you but does no damage. The quokka bites you.
* * * LOW HITPOINT WARNING * * *
Unknown command.
You barely miss the quokka. You closely miss the adder. The adder bites you.
You die...

#....###.# #.#..#.......#
....## #.# #....######.##
#.#.####.######...######.#
#.......(................#
#...####.######...########
###.# #.# #...# # #.# #.#
#...# #
#.####.######S..####
###.##..........@....#
....##.#.#######r....#
########.# #.....#
≈≈≈≈≈≈≈#.# #.....#
≈≈≈≈≈≈≈#.# ##'####
.≈≈≈≈..#.## #.#
...≈...#..# #.#
.....(.##.# #.#
....()....# #.#


You could see an adder and a quokka.

Vanquished Creatures
  Sigmund (D:3)
  A bullfrog skeleton (D:5)
  Jessica (D:2)
  2 orc wizards (D:3)
  2 adders (D:2)
  A dart slug (D:1)
  7 orcs (D:3)
  3 ball pythons
  8 endoplasms
  5 giant cockroaches
  5 goblins
  4 hobgoblins
  8 jackals (D:1)
  A quokka (D:1)
  2 bats (D:2)
  2 kobolds (D:2)
  5 rats
58 creatures vanquished.

Notes
Turn   | Place    | Note
-------+----------+-------------------------------------------
     0 | D:1      | safid the Hill Orc Fighter began the quest for the Orb.
     0 | D:1      | Reached XP level 1. HP: 19/19 MP: 1/1
   236 | D:1      | Reached skill level 3 in Axes
   236 | D:1      | Reached XP level 2. HP: 18/27 MP: 2/2
   860 | D:1      | Found a faded altar of an unknown god.
   921 | D:1      | Reached XP level 3. HP: 24/33 MP: 1/3
  1509 | D:2      | Noticed Jessica
  1516 | D:2      | Killed Jessica
  1517 | D:2      | Reached skill level 4 in Axes
  1517 | D:2      | Reached XP level 4. HP: 40/40 MP: 4/4
  2129 | D:3      | Reached skill level 5 in Axes
  2129 | D:3      | Reached XP level 5. HP: 46/46 MP: 5/5
  2786 | D:3      | Found an ornate altar of the Wu Jian Council.
  2787 | D:3      | Noticed Sigmund
  2792 | D:3      | Killed Sigmund
  2793 | D:3      | Reached skill level 7 in Axes
  2793 | D:3      | Reached XP level 6. HP: 43/52 MP: 4/6
  3055 | D:3      | You fall into a shaft and drop 2 floors!
  3055 | D:5      | Entered Level 5 of the Dungeon
  3059 | D:5      | Noticed an ice beast
  3081 | D:5      | Reached skill level 8 in Axes
  3081 | D:5      | Noticed a black bear
  3103 | D:3      | HP: 2/52 [quokka (2)]
  3104 | D:3      | Slain by an adder

Illustrated notes

Levels and vault maps discovered:
D:1:      mrwooster_arrival_arrow, layout_basic,
          ebering_ecumenical_altar_abandoned
D:2:      layout_basic, grunt_ministairs_12, uniq_jessica
D:3:      layout_basic, nzn_wu_jian_contemplation, uniq_sigmund
D:4:      layout_basic, trog_hazing_becter,
          nicolae_hepliaklqana_monster_ancestors, moated_statue, uniq_eustachio,
          uniq_robin, uniq_edmund, uniq_blork_the_orc
D:5:      layout_cave_pools, fedhas_ov_isle_minmay,
          mainiacjoe_overflow_cross_hatched

Skill      XL: |  1  2  3  4  5  6 |
---------------+-------------------+-----
Axes           | 3 4 5 7 8 |  8.0
Fighting       | 4 |  4.0
Armour         | 4 |  4.0
Shields        | 4 |  4.0

Action                   |  1- 3 |  4- 6 || total
-------------------------+-------+-------++-------
Melee: War axe           |    71 |    89 ||   160
  Use: Potion            |       |     4 ||     4
       Scroll            |       |     4 ||     4
Armor: Scale mail        |    39 |    45 ||    84
Dodge: Dodged            |    53 |    42 ||    95
Block: Buckler           |    19 |    19 ||    38
